| TOP OF THE 1ST |
|
Medicine Hat Blue Jays batting - Pitching for Ogden Spikes : RHP Timothy Steverson
|
|
Pitching: RHP Timothy Steverson
|
|
|
Batting: LHB Kevin Bates
|
0-0: Called Strike 0-1: Called Strike 0-2: Foul Ball, location: 2F 0-2: Ball 1-2: Foul Ball, location: 2F 1-2: SINGLE (Line Drive, 78S, EV 105.6 MPH)
|
|
Batting: RHB Burt Milley
|
0-0: Called Strike 0-1: Called Strike 0-2: Ball 1-2: Fly out, F9 (Flyball, 9D, EV 94.4 MPH)
|
|
Batting: LHB Jeffrey Wilson
|
0-0: Ball Kevin Bates is caught stealing 2nd base 2-6 1-0: Ball 2-0: Foul Ball, location: 2F 2-1: Called Strike 2-2: SINGLE (Groundball, 56D, EV 98.8 MPH)
|
|
Batting: LHB Tom Reynolds
|
0-0: Ball 1-0: Ball 2-0: Foul Ball, location: 2F 2-1: SINGLE (Groundball, 4D, EV 95.6 MPH) Jeffrey Wilson to second Runner from 2nd tries for 3rd, SAFE, throw by CF made to third
|
|
Batting: RHB Greg Legg
|
0-0: Swinging Strike 0-1: Foul Ball, location: 2F 0-2: Strikes out swinging
|
| Top of the 1st over - 0 runs, 3 hits, 0 errors, 2 left on base; Medicine Hat 0 - Ogden 0 |
| BOTTOM OF THE 1ST |
|
Ogden Spikes batting - Pitching for Medicine Hat Blue Jays : RHP Bruce Williams
|
|
Pitching: RHP Bruce Williams
|
|
|
Batting: RHB Jeffrey Smith
|
0-0: Called Strike 0-1: Ground out 6-3 (Groundball, 6, EV 101.3 MPH)
|
|
Batting: LHB Lenny Harris
|
0-0: Called Strike 0-1: Foul Ball, location: 2F 0-2: Ball 1-2: Ball 2-2: Ground out 4-3 (Groundball, 34D, EV 86.3 MPH)
|
|
Batting: LHB Everett Graham
|
0-0: Called Strike 0-1: Ball 1-1: Called Strike 1-2: Strikes out swinging
|
| Bottom of the 1st over - 0 runs, 0 hits, 0 errors, 0 left on base; Medicine Hat 0 - Ogden 0 |
| TOP OF THE 2ND |
|
Medicine Hat Blue Jays batting - Pitching for Ogden Spikes : RHP Timothy Steverson
|
|
Batting: LHB Alberto Chino
|
0-0: Ball 1-0: Ball 2-0: Called Strike 2-1: Called Strike 2-2: Foul Ball, location: 2F 2-2: Ground out U3 (Groundball, 3L, EV 80.0 MPH)
|
|
Batting: RHB Terence Shoebridge
|
0-0: Fly out, F9 (Flyball, 9, EV 91.9 MPH)
|
|
Batting: SHB Cordie Dillard
|
0-0: Called Strike 0-1: SINGLE (Line Drive, 9S, EV 105.6 MPH)
|
|
Batting: SHB Manuel DelRosario
|
0-0: Called Strike 0-1: Ball 1-1: TRIPLE (Flyball, 89XD, EV 89.4 MPH) Cordie Dillard scores
|
|
Batting: LHB Kevin Bates
|
0-0: Ball 1-0: Foul Ball, location: 2F 1-1: Swinging Strike 1-2: Ball 2-2: Ball 3-2: Foul Ball, location: 2F 3-2: SINGLE (Line Drive, 7LS, EV 93.8 MPH) Manuel DelRosario scores
|
|
Batting: RHB Burt Milley
|
0-0: Foul Ball, location: 2F 0-1: Ball Kevin Bates is caught stealing 2nd base 2-4
|
| Top of the 2nd over - 2 runs, 3 hits, 0 errors, 0 left on base; Medicine Hat 2 - Ogden 0 |
| BOTTOM OF THE 2ND |
|
Ogden Spikes batting - Pitching for Medicine Hat Blue Jays : RHP Bruce Williams
|
|
Batting: RHB Jacob Brumfield
|
0-0: Ball 1-0: Ball 2-0: Ball 3-0: Base on Balls
|
|
Batting: LHB Dave Vetsch
|
0-0: Ball 1-0: SINGLE (Groundball, 4D, EV 103.1 MPH) Jacob Brumfield to second Runner from 2nd tries for 3rd, SAFE, throw by CF made to third
|
|
Batting: LHB Roberto Casasnovas
|
0-0: Called Strike 0-1: Foul Ball, location: 2F 0-2: Foul Ball, location: 2F 0-2: Ball 1-2: Ball 2-2: Strikes out swinging
|
|
Batting: LHB Sam Nattile
|
0-0: Ball 1-0: Fly out, F9 (Flyball, 9, EV 86.3 MPH)
|
|
Batting: RHB Michael Gobbo
|
0-0: Called Strike 0-1: Ball 1-1: Ball 2-1: Foul Ball, location: 2F 2-2: Foul Ball, location: 2F 2-2: Ball 3-2: Foul Ball, location: 2F 3-2: Base on Balls Dave Vetsch to second
|
|
Batting: SHB Mark Lemke
|
0-0: Ball 1-0: Ball 2-0: Foul Ball, location: 2F 2-1: Fly out, F8 (Flyball, 8LD, EV 103.1 MPH)
|
| Bottom of the 2nd over - 0 runs, 1 hit, 0 errors, 3 left on base; Medicine Hat 2 - Ogden 0 |
| TOP OF THE 3RD |
|
Medicine Hat Blue Jays batting - Pitching for Ogden Spikes : RHP Timothy Steverson
|
|
Batting: RHB Burt Milley
|
0-0: Foul Ball, location: 2F 0-1: Ball 1-1: Fly out, F8 (Flyball, 8RD, EV 93.1 MPH)
|
|
Batting: LHB Jeffrey Wilson
|
0-0: Ball 1-0: Ball 2-0: Ball 3-0: Base on Balls
|
|
Batting: LHB Tom Reynolds
|
0-0: SINGLE (Line Drive, 5D, EV 98.1 MPH) Jeffrey Wilson to second Runner from 2nd tries for 3rd, SAFE, throw by LF made to third
|
|
Batting: RHB Greg Legg
|
0-0: Ball 1-0: Grounds into double play, 4-6-3 (Groundball, 4, EV 101.9 MPH)
|
| Top of the 3rd over - 0 runs, 1 hit, 0 errors, 1 left on base; Medicine Hat 2 - Ogden 0 |
| BOTTOM OF THE 3RD |
|
Ogden Spikes batting - Pitching for Medicine Hat Blue Jays : RHP Bruce Williams
|
|
Batting: RHB Jeffrey Smith
|
0-0: Called Strike 0-1: Ball 1-1: Ball 2-1: Foul Ball, location: 2F 2-2: Fly out, F8 (Flyball, 8RS, EV 84.4 MPH)
|
|
Batting: LHB Lenny Harris
|
0-0: Ball 1-0: Foul Ball, location: 2F 1-1: Called Strike 1-2: Ball 2-2: Ball 3-2: DOUBLE (Line Drive, 8LD, EV 109.4 MPH)
|
|
Batting: LHB Everett Graham
|
0-0: Called Strike 0-1: Ball 1-1: Foul Ball, location: 2F 1-2: Ground out 6-3 (Groundball, 6, EV 85.0 MPH) Lenny Harris to third
|
|
Batting: RHB Jacob Brumfield
|
0-0: Ball 1-0: Ball 2-0: Ball 3-0: Called Strike 3-1: Base on Balls
|
|
Batting: LHB Dave Vetsch
|
0-0: Ball Jacob Brumfield is caught stealing 2nd base 2-6
|
| Bottom of the 3rd over - 0 runs, 1 hit, 0 errors, 1 left on base; Medicine Hat 2 - Ogden 0 |
| TOP OF THE 4TH |
|
Medicine Hat Blue Jays batting - Pitching for Ogden Spikes : RHP Timothy Steverson
|
|
Batting: LHB Alberto Chino
|
0-0: Called Strike 0-1: Ball 1-1: Foul Ball, location: 2F 1-2: Foul Ball, location: 2F 1-2: Ground out 4-3 (Groundball, 4, EV 92.5 MPH)
|
|
Batting: RHB Terence Shoebridge
|
0-0: Called Strike 0-1: Ball 1-1: Ball 2-1: Ground out 4-3 (Groundball, 34, EV 102.5 MPH)
|
|
Batting: SHB Cordie Dillard
|
0-0: Fly out, F9 (Flyball, 89S, EV 70.6 MPH)
|
| Top of the 4th over - 0 runs, 0 hits, 0 errors, 0 left on base; Medicine Hat 2 - Ogden 0 |
| BOTTOM OF THE 4TH |
|
Ogden Spikes batting - Pitching for Medicine Hat Blue Jays : RHP Bruce Williams
|
|
Batting: LHB Dave Vetsch
|
0-0: Called Strike 0-1: Ball 1-1: Ball 2-1: Foul Ball, location: 2F 2-2: Ball 3-2: Strikes out looking
|
|
Batting: LHB Roberto Casasnovas
|
0-0: Ball 1-0: Swinging Strike 1-1: Foul Ball, location: 2F 1-2: Foul Ball, location: 2F 1-2: Ball 2-2: Ball 3-2: Strikes out swinging
|
|
Batting: LHB Sam Nattile
|
0-0: Ball 1-0: Called Strike 1-1: Fly out, F9 (Line Drive, 9, EV 92.5 MPH)
|
| Bottom of the 4th over - 0 runs, 0 hits, 0 errors, 0 left on base; Medicine Hat 2 - Ogden 0 |
| TOP OF THE 5TH |
|
Medicine Hat Blue Jays batting - Pitching for Ogden Spikes : RHP Timothy Steverson
|
|
Batting: SHB Manuel DelRosario
|
0-0: Called Strike 0-1: Ball 1-1: Ground out 4-3 (Groundball, 4, EV 105.6 MPH)
|
|
Batting: LHB Kevin Bates
|
0-0: Called Strike 0-1: Ball 1-1: Ball 2-1: Fly out, F9 (Flyball, 89S, EV 89.4 MPH)
|
|
Batting: RHB Burt Milley
|
0-0: Swinging Strike 0-1: Foul Ball, location: 2F 0-2: Ball 1-2: Ground out 4-3 (Groundball, 4, EV 86.9 MPH)
|
| Top of the 5th over - 0 runs, 0 hits, 0 errors, 0 left on base; Medicine Hat 2 - Ogden 0 |
| BOTTOM OF THE 5TH |
|
Ogden Spikes batting - Pitching for Medicine Hat Blue Jays : RHP Bruce Williams
|
|
Batting: RHB Michael Gobbo
|
0-0: Called Strike 0-1: Bunt for hit to 25 - play at first, batter safe!
|
|
Batting: SHB Mark Lemke
|
0-0: Ground out 5-3 (Groundball, 15, EV 76.3 MPH) Michael Gobbo to second
|
|
Batting: RHB Jeffrey Smith
|
0-0: Called Strike 0-1: Foul Ball, location: 2F 0-2: Ball 1-2: Strikes out swinging
|
|
Batting: LHB Lenny Harris
|
0-0: Ball 1-0: Called Strike 1-1: Foul Ball, location: 2F 1-2: Ground out U3 (Groundball, 3, EV 101.9 MPH)
|
| Bottom of the 5th over - 0 runs, 1 hit, 0 errors, 1 left on base; Medicine Hat 2 - Ogden 0 |
| TOP OF THE 6TH |
|
Medicine Hat Blue Jays batting - Pitching for Ogden Spikes : RHP Timothy Steverson
|
|
Batting: LHB Jeffrey Wilson
|
0-0: Ball 1-0: Called Strike 1-1: SINGLE (Groundball, 4MD, EV 106.3 MPH)
|
|
Batting: LHB Tom Reynolds
|
0-0: Called Strike 0-1: Ball 1-1: Foul Ball, location: 2F 1-2: Grounds into double play, 3-6-3 (Groundball, 3, EV 102.5 MPH)
|
|
Batting: RHB Greg Legg
|
0-0: Ball 1-0: Fly out, F9 (Flyball, 9LM, EV 102.5 MPH)
|
| Top of the 6th over - 0 runs, 1 hit, 0 errors, 0 left on base; Medicine Hat 2 - Ogden 0 |
| BOTTOM OF THE 6TH |
|
Ogden Spikes batting - Pitching for Medicine Hat Blue Jays : RHP Bruce Williams
|
|
Batting: LHB Everett Graham
|
0-0: Ball 1-0: Called Strike 1-1: Ball 2-1: Ball 3-1: Base on Balls
|
|
Batting: RHB Jacob Brumfield
|
0-0: Ball 1-0: Swinging Strike 1-1: Ball 2-1: Ball 3-1: Called Strike 3-2: Base on Balls Everett Graham to second
|
|
Batting: LHB Dave Vetsch
|
0-0: Ball 1-0: Ball 2-0: Foul Ball, location: 2F 2-1: Ball 3-1: Called Strike 3-2: Foul Ball, location: 2F 3-2: Base on Balls Everett Graham to third Jacob Brumfield to second
|
|
Batting: LHB Roberto Casasnovas
|
0-0: Called Strike 0-1: Swinging Strike 0-2: Ball 1-2: Ball 2-2: Ball 3-2: SINGLE (Groundball, 34D, EV 108.1 MPH) Everett Graham scores Jacob Brumfield to third Dave Vetsch to second Runner from 3rd tries for Home, SAFE, throw by RF to home
|
|
Batting: LHB Sam Nattile
|
0-0: Ball 1-0: Foul Ball, location: 2F 1-1: Grounds into double play, 5-4-3 (Groundball, 56S, EV 86.9 MPH) Dave Vetsch to third
|
|
Batting: RHB Michael Gobbo
|
0-0: Called Strike 0-1: SINGLE (Groundball, 4MD, EV 96.9 MPH) Dave Vetsch scores
|
|
Batting: SHB Mark Lemke
|
0-0: Ball 1-0: Called Strike 1-1: Ball 2-1: Called Strike 2-2: Fly out, F7 (Flyball, 7LS, EV 91.9 MPH)
|
| Bottom of the 6th over - 3 runs, 2 hits, 0 errors, 1 left on base; Medicine Hat 2 - Ogden 3 |
| TOP OF THE 7TH |
|
Medicine Hat Blue Jays batting - Pitching for Ogden Spikes : RHP Timothy Steverson
|
|
Batting: LHB Alberto Chino
|
0-0: Ball 1-0: Foul Ball, location: 2F 1-1: Ball 2-1: Ball 3-1: SINGLE (Flyball, 6D, EV 94.4 MPH)
|
|
Batting: RHB Terence Shoebridge
|
0-0: Called Strike 0-1: Grounds into double play, 4-6-3 (Groundball, 4S, EV 94.4 MPH)
|
|
Batting: SHB Cordie Dillard
|
0-0: Called Strike 0-1: Ball 1-1: Ball 2-1: Swinging Strike 2-2: Foul Ball, location: 2F 2-2: Foul Ball, location: 2F 2-2: Foul Ball, location: 2F 2-2: Ball 3-2: Base on Balls
|
|
Pinch Hitting: SHB Chris Gonzalez
|
0-0: Called Strike 0-1: SINGLE (Flyball, 9LS, EV 95.6 MPH) Cordie Dillard to second Runner from 2nd tries for 3rd, SAFE, no throw by RF
|
|
Batting: LHB Kevin Bates
|
0-0: Swinging Strike 0-1: Foul Ball, location: 2F 0-2: Ball 1-2: Ground out U3 (Groundball, 3, EV 90.0 MPH)
|
| Top of the 7th over - 0 runs, 2 hits, 0 errors, 2 left on base; Medicine Hat 2 - Ogden 3 |
| BOTTOM OF THE 7TH |
|
Ogden Spikes batting - Pitching for Medicine Hat Blue Jays : RHP Bruce Williams
|
|
Now at 2B: Thomas Norko
|
|
|
Batting: RHB Jeffrey Smith
|
0-0: Ball 1-0: Foul Ball, location: 2F 1-1: Fly out, F3 (Line Drive, 3, EV 68.8 MPH)
|
|
Batting: LHB Lenny Harris
|
0-0: Ball 1-0: Called Strike 1-1: Ground out 4-3 (Groundball, 34D, EV 108.8 MPH)
|
|
Batting: LHB Everett Graham
|
0-0: Ball 1-0: Called Strike 1-1: Called Strike 1-2: Ball 2-2: Foul Ball, location: 2F 2-2: Ball 3-2: Base on Balls
|
|
Pitching: LHP Robert Allen
|
|
|
Batting: RHB Jacob Brumfield
|
0-0: Called Strike 0-1: Ball 1-1: Swinging Strike 1-2: Foul Ball, location: 2F 1-2: Foul Ball, location: 2F 1-2: Fly out, F7 (Flyball, 7, EV 85.6 MPH)
|
| Bottom of the 7th over - 0 runs, 0 hits, 0 errors, 1 left on base; Medicine Hat 2 - Ogden 3 |
| TOP OF THE 8TH |
|
Medicine Hat Blue Jays batting - Pitching for Ogden Spikes : RHP Timothy Steverson
|
|
Batting: RHB Burt Milley
|
0-0: Called Strike 0-1: Foul Ball, location: 2F 0-2: Ball 1-2: Fly out, F4 (Popup, 3S, EV 86.3 MPH)
|
|
Pitching: RHP Douglas Barba
|
|
|
Batting: LHB Jeffrey Wilson
|
0-0: Ball 1-0: Foul Ball, location: 2F 1-1: Foul Ball, location: 2F 1-2: Foul Ball, location: 2F 1-2: Ball 2-2: Ball 3-2: Fly out, F8 (Flyball, 8LXD, EV 106.9 MPH)
|
|
Batting: LHB Tom Reynolds
|
0-0: Ball 1-0: Swinging Strike 1-1: Ball 2-1: Foul Ball, location: 2F 2-2: SINGLE (Groundball, 4D, EV 103.8 MPH)
|
|
Pinch Hitting: LHB Jose Gomez
|
0-0: Ball 1-0: Ball 2-0: Called Strike 2-1: Ball 3-1: Base on Balls Tom Reynolds to second
|
|
Batting: LHB Alberto Chino
|
0-0: Foul Ball, location: 2F 0-1: Ball 1-1: Ball 2-1: Called Strike 2-2: DOUBLE (Groundball, 3L, EV 94.4 MPH) Tom Reynolds scores Jose Gomez to third Runner from 3rd tries for Home, SAFE, throw by RF to trailing runner, SAFE at third!
|
|
Batting: RHB Terence Shoebridge
|
0-0: Called Strike 0-1: Foul Ball, location: 2F 0-2: SINGLE (Flyball, 34D, EV 92.5 MPH) Alberto Chino scores
|
|
Batting: SHB Cordie Dillard
|
0-0: Ball 1-0: Ball 2-0: Ball 3-0: Called Strike 3-1: Base on Balls Terence Shoebridge to second
|
|
Batting: RHB Thomas Norko
|
0-0: Ball 1-0: Called Strike 1-1: Ball 2-1: Called Strike 2-2: Foul Ball, location: 2F 2-2: Ball Passed Ball! Terence Shoebridge to third Cordie Dillard to second 3-2: Base on Balls
|
|
Batting: LHB Kevin Bates
|
0-0: SINGLE (Groundball, 34D, EV 99.4 MPH) (infield hit) Terence Shoebridge scores Cordie Dillard to third Thomas Norko to second
|
|
Batting: RHB Burt Milley
|
0-0: Ball 1-0: Fly out, F9 (Flyball, 9LS, EV 73.8 MPH)
|
| Top of the 8th over - 4 runs, 4 hits, 0 errors, 3 left on base; Medicine Hat 6 - Ogden 3 |
| BOTTOM OF THE 8TH |
|
Ogden Spikes batting - Pitching for Medicine Hat Blue Jays : LHP Robert Allen
|
|
Now at 3B: David Fowlkes
|
|
|
Batting: LHB Dave Vetsch
|
0-0: Ball 1-0: Ball 2-0: Ball 3-0: Base on Balls
|
|
Batting: LHB Roberto Casasnovas
|
0-0: Called Strike 0-1: Swinging Strike 0-2: Foul Ball, location: 2F 0-2: Ball 1-2: Foul Ball, location: 2F 1-2: Ball 2-2: Ball 3-2: Strikes out swinging Dave Vetsch steals 2nd base Batter strikes out.
|
|
Batting: LHB Sam Nattile
|
0-0: Foul Ball, location: 2F 0-1: Ball 1-1: Called Strike 1-2: Ground out 4-3 (Groundball, 4M, EV 102.5 MPH) Dave Vetsch to third
|
|
Batting: RHB Michael Gobbo
|
0-0: Foul Ball, location: 2F 0-1: Swinging Strike 0-2: Foul Ball, location: 2F 0-2: Foul Ball, location: 2F 0-2: Foul Ball, location: 2F 0-2: Ground out 6-3 (Groundball, 6, EV 87.5 MPH)
|
| Bottom of the 8th over - 0 runs, 0 hits, 0 errors, 1 left on base; Medicine Hat 6 - Ogden 3 |
| TOP OF THE 9TH |
|
Medicine Hat Blue Jays batting - Pitching for Ogden Spikes : RHP Douglas Barba
|
|
Batting: LHB Jeffrey Wilson
|
0-0: Ball 1-0: Ball 2-0: Swinging Strike 2-1: Ball 3-1: SINGLE (Groundball, 6MD, EV 97.5 MPH)
|
|
Batting: LHB Tom Reynolds
|
0-0: Ball 1-0: Ball 2-0: Called Strike 2-1: Ball 3-1: Base on Balls Jeffrey Wilson to second
|
|
Batting: LHB David Fowlkes
|
0-0: Called Strike 0-1: Ball 1-1: Ball 2-1: Called Strike 2-2: Foul Ball, location: 2F 2-2: Ball 3-2: Base on Balls Jeffrey Wilson to third Tom Reynolds to second
|
|
Batting: LHB Alberto Chino
|
0-0: Ball 1-0: Foul Ball, location: 2F 1-1: Grounds into fielders choice 4-2 (Groundball, 4, EV 88.8 MPH) Tom Reynolds to third David Fowlkes to second
|
|
Batting: RHB Terence Shoebridge
|
0-0: Called Strike 0-1: SINGLE (Groundball, 6MD, EV 94.4 MPH) Tom Reynolds scores David Fowlkes to third Alberto Chino to second Runner from 3rd tries for Home, SAFE, throw by CF to home
|
|
Pitching: LHP Bertoldo Manfredi
|
|
|
Batting: SHB Cordie Dillard
|
0-0: Ball Terence Shoebridge is caught stealing 2nd base 2-4 Alberto Chino steals 3rd base 1-0: Ball 2-0: TRIPLE (Line Drive, 89XD, EV 98.1 MPH) Alberto Chino scores
|
|
Batting: RHB Thomas Norko
|
0-0: Ball 1-0: Foul Ball, location: 2F 1-1: Fly out, F8 (Flyball, 89M, EV 76.3 MPH)
|
| Top of the 9th over - 3 runs, 3 hits, 0 errors, 1 left on base; Medicine Hat 9 - Ogden 3 |
| BOTTOM OF THE 9TH |
|
Ogden Spikes batting - Pitching for Medicine Hat Blue Jays : LHP Robert Allen
|
|
Batting: SHB Mark Lemke
|
0-0: Fly out, F8 (Flyball, 8LM, EV 83.1 MPH)
|
|
Batting: RHB Jeffrey Smith
|
0-0: Ball 1-0: Foul Ball, location: 2F 1-1: Foul Ball, location: 2F 1-2: Ball 2-2: SOLO HOME RUN (Flyball, 7D, EV 100.0 MPH), Distance : 373 ft
|
|
Batting: LHB Lenny Harris
|
0-0: Fly out, F8 (Flyball, 8LD, EV 105.0 MPH)
|
|
Batting: LHB Everett Graham
|
0-0: Called Strike 0-1: Ball 1-1: Ground out U3 (Groundball, 34, EV 96.3 MPH)
|
| Bottom of the 9th over - 1 run, 1 hit, 0 errors, 0 left on base; Medicine Hat 9 - Ogden 4 |
|